 Dungeon Crawl Stone Soup version 0.23-a0-182-g58cdd98 (webtiles) character file.

236 Felrender the Ruffian (level 5, -2/53 HPs)
             Began as a Troll Berserker on Sept 20, 2018.
             Was a Priest of Trog.
             Killed from afar by an orc wizard (9 damage)
             ... with a magic dart
             ... on level 3 of the Dungeon on Sept 21, 2018.
             The game lasted 00:10:20 (2328 turns).

Felrender the Ruffian (Troll Berserker)             Turns: 2328, Time: 00:10:20

Health: -2/53      AC:  5    Str: 25 (26) XL:     5   Next: 77%
Magic:  4/4        EV: 10    Int:  1 (3)  God:    Trog [***...]
Gold:   155        SH:  0    Dex:  8 (9)  Spells: 4/4 levels left

rFire    . . .     SeeInvis .   j - +0 war axe
rCold    . . .     Gourm    +   (no shield)
rNeg     . . .     Faith    .   a - +0 animal skin
rPois    .         Spirit   .   (helmet restricted)
rElec    .         Reflect  .   (no cloak)
rCorr    .         Harm     .   (gloves unavailable)
MR       .....                  (boots unavailable)
Stlth    +.........             (no amulet)
HPRegen  0.57/turn              (no ring)
MPRegen  0.09/turn              (no ring)

@: slowed, very slow
A: large, unfitting armour, claws 3, fast metabolism 3, gourmand, regeneration
1, shaggy fur 1, tough skin 2
a: Berserk, Trog's Hand, Renounce Religion


You were on level 3 of the Dungeon.
You worshipped Trog.
Trog was most pleased with you.
You were very full.

You visited 1 branch of the dungeon, and saw 3 of its levels.

You collected 155 gold pieces.

Inventory:

Hand Weapons
 j - a +0 war axe (weapon)
Armour
 a - a +0 animal skin (worn)
Scrolls
 c - a scroll of magic mapping {unknown}
 f - a scroll of identify
 g - a scroll of enchant armour
 i - 2 scrolls of remove curse
Potions
 d - a potion of haste
Comestibles
 b - 10 rations
 h - 4 chunks of flesh


   Skills:
 + Level 3.0 Fighting
 * Level 2.4 Axes
 + Level 3.4 Dodging
 + Level 0.4 Stealth
 + Level 4.0 Unarmed Combat


You had 4 spell levels left.
You didn't know any spells.
Your spell library was empty.

Dungeon Overview and Level Annotations

Branches:
Dungeon (3/15)

Altars:


Innate Abilities, Weirdness & Mutations

You are too large for most types of armour.
You have claws for hands.
Your metabolism is lightning-fast.
You like to eat raw meat.
Your natural rate of healing is unusually fast.
You are covered in fur. (AC +1)
You have very tough skin. (AC +2)


Message History

Found a scroll labeled DUQ ANENOEKH.
There is an open door, spattered with blood here.
You slash the orc wizard!
The orc wizard is severely wounded.
You hit the orc priest but do no damage.
You slash the orc!
You kill the orc!
Trog accepts your kill. The orc wizard hits you with a dagger.
The orc priest hits you with a short sword.
* * * LOW HITPOINT WARNING * * *
The orc wizard gestures at you while chanting.
You feel yourself slow down.
The orc hits you from afar with a trident.
* * * LOW HITPOINT WARNING * * *
The orc priest hits you with a short sword.
* * * LOW HITPOINT WARNING * * *
The orc wizard points at you and mumbles some strange words.
The magic dart hits you!
You die...

......# #..)########
......# ###...# ......#
........ ......#
.#...####
..........#...#
..<....#################
...............o.......#
................)o...>.#
......#.. ######@####..#
......##.###....o...#..#
.....)# ..##........#..#
......# #.##........#..#
......# #.##.......?#..#
......###..#........#..#
...............(....#..#
......####...###+####..#
......# ##..###.####..#


You could see an orc priest, an orc wizard and an orc.

Vanquished Creatures
  2 orc wizards (D:3)
  Robin (D:3)
  4 adders
  2 oozes (D:1)
  2 worms
  A dart slug (D:2)
  2 leopard geckos
  11 orcs (D:3)
  7 bats
  A giant cockroach (D:1)
  20 goblins
  14 hobgoblins
  8 jackals
  10 kobolds
  A quokka (D:3)
  4 ball pythons
  4 frilled lizards
  6 rats
100 creatures vanquished.

Notes
Turn   | Place    | Note
-------+----------+-------------------------------------------
     0 | D:1      | Felrender the Troll Berserker began the quest for the Orb.
     0 | D:1      | Reached XP level 1. HP: 22/22 MP: 0/0
   109 | D:1      | Reached XP level 2. HP: 29/29 MP: 1/1
   362 | D:1      | Reached XP level 3. HP: 30/36 MP: 2/2
   894 | D:2      | Reached ** piety under Trog
  1052 | D:2      | Reached XP level 4. HP: 44/44 MP: 3/3
  1186 | D:2      | Reached skill level 4 in Unarmed Combat
  1643 | D:3      | Noticed Robin
  1650 | D:3      | Killed Robin
  1652 | D:3      | Reached skill level 1 in Axes
  1672 | D:3      | HP: 2/44 [adder (4)]
  1673 | D:3      | Reached XP level 5. HP: 2/52 MP: 4/4
  1767 | D:3      | Reached *** piety under Trog
  2328 | D:3      | Killed from afar by an orc wizard

Vault maps used:
D:1:      eino_arrival_water_cross
D:2:      first_ration
D:3:      lemuel_coloured_pillars_altar, grunt_decor_clamped, uniq_robin

Skill      XL: |  1  2  3  4  5 |
---------------+----------------+-----
Dodging        | 3 |  3.4
Unarmed Combat | 4 |  4.0
Axes           | 1 2 |  2.4
Fighting       | 3 |  3.0
Stealth        | |  0.4

Action                   |  1- 3 |  4- 6 || total
-------------------------+-------+-------++-------
Melee: Unarmed           |   103 |       ||   103
       War axe           |     7 |   174 ||   181
       Punch             |     1 |     3 ||     4
Invok: Berserk           |       |     2 ||     2
       Trog's Hand       |       |     2 ||     2
  Use: Scroll            |     2 |     1 ||     3
       Potion            |       |     3 ||     3
  Eat: Chunk             |    15 |    15 ||    30
Armor: Animal skin       |    52 |    87 ||   139
Dodge: Dodged            |    62 |   147 ||   209

Table legend:
 A = Non-vault XP
 B = Vault XP
 C = Vault XP percentage of total XP
 D = Non-vault monster count
 E = Vault monster count
 F = Vault count percentage of total count
                 A         B        C        D         E       F
            +---------+---------+-------+---------+---------+-------
      Total |     301 |      37 |  10.9 |      88 |      12 |  12.0
            +---------+---------+-------+---------+---------+-------
        D:1 |      58 |       0 |   0.0 |      28 |       0 |   0.0
        D:2 |      73 |       0 |   0.0 |      27 |       0 |   0.0
        D:3 |     170 |      37 |  17.9 |      33 |      12 |  26.7
            +---------+---------+-------+---------+---------+-------
